 Dungeon Crawl Stone Soup version 0.30-a0-12-gd8047c6341 (webtiles) character file.

Game seed: 5370951024958717899

7 drugrobin the Sneak (level 1, -1/18 HPs)
             Began as a Demigod Delver on Aug 23, 2022.
             Slain by a jackal (3 damage)
             ... on level 2 of the Dungeon.
             The game lasted 00:01:38 (266 turns).

drugrobin the Sneak (Demigod Delver)                 Turns: 266, Time: 00:01:39

Health: -1/18      AC:  3    Str: 13    XL:     1   Next: 66%
Magic:  3/3        EV: 11    Int: 12    God:
Gold:   34         SH:  0    Dex: 15    Spells: 0/0 levels left

rFire   . . .      SeeInvis .    a - +2 dagger (drain)
rCold   + . .      Faith    .    (no shield)
rNeg    . . .      Spirit   .    b - +0 leather armour
rPois   .          Reflect  .    k - +0 hat of the Eight Xenops {rC+ Will+}
rElec   .          Harm     .    (no cloak)
rCorr   .          Rampage  .    (no gloves)
Will    +....                    (no boots)
Stlth   +++.......               (no amulet)
HPRegen 0.06/turn                j - ring of flight
MPRegen 0.08/turn                (no ring)

@: flying
A: high MP 1, forlorn, divine attributes
a: no special abilities


You were on level 2 of the Dungeon.
You visited 1 branch of the dungeon, and saw 4 of its levels.

You collected 34 gold pieces.

Inventory:

Hand Weapons
 a - a +2 dagger of draining (weapon)
 i - a +0 short sword
Missiles
 h - 3 poisoned darts (quivered)
Armour
 b - a +0 leather armour (worn)
 k - the +0 hat of the Eight Xenops (worn) {rC+ Will+}
   (You found it on level 2 of the Dungeon)

   rC:        It protects you from cold.
   Will:      It increases your willpower.
Jewellery
 j - a ring of flight (left hand)
Wands
 g - a wand of digging (2)
Scrolls
 c - 2 scrolls of fog
 d - a scroll of magic mapping
 e - a scroll of fear
Potions
 f - a potion of haste


   Skills:
 - Level 2.6 Fighting
 + Level 2.4 Short Blades
 - Level 1.7 Dodging
 - Level 4.5 Stealth


You couldn't memorise any spells.
You didn't know any spells.
Your spell library was empty.

Dungeon Overview and Level Annotations

Branches:
Dungeon (5/15)
 Temple: D:4-7

Annotations:
D:2 Natasha


Innate Abilities, Weirdness & Mutations

You have an increased reservoir of magic. (+10% MP)
You shall have no god before yourself.
Your divine heritage dramatically boosts your attributes as you level up.


Message History

You feel troubled.
There is a stone staircase leading down here.
The jackal barely misses you. Natasha misses you.
The jackal completely misses you.
You fly downwards.
The crimson imp disappears in a puff of smoke!
The kobold skeleton hits you but does no damage.
The kobold zombie hits you but does no damage.
The kobold skeleton hits you but does no damage.
There is a stone staircase leading up here.
Unknown command.
The jackal barely misses you.
Natasha mumbles some strange words.
You feel disoriented. Natasha claws you.
* * * LOW HITPOINT WARNING * * *
The kobold zombie hits you but does no damage.
You fly upwards.
There is a stone staircase leading down here.
Unknown command.
The jackal attacks as you move away! The jackal bites you.
* * * LOW HITPOINT WARNING * * *
Natasha closely misses you.
Unknown command.
Unknown command.
Natasha attacks as you move away! Natasha barely misses you.
Natasha mumbles some strange words.
The jackal bites you but does no damage.
Unknown command.
Unknown command.
The jackal attacks as you move away! The jackal barely misses you.
The shadow imp grinds its teeth.
Unknown command.
Unknown command.
The jackal attacks as you move away!
The jackal bites you but does no damage.
Natasha howls an incantation.
Natasha glows brightly for a moment.
The jackal bites you.
You die...

.##.# .... #..
#.###########
#...........#
#...........# .
#.....).....# #.#
##.#######.##
h...###.##...##@#
h.......##...##h######
.#####...#....5h.....#
##..+...........#
.#######.#.....>.....#
.....................#
#########.###........#
...................#
#######............#


You could see Natasha, a shadow imp (summoned) and a jackal.

Vanquished Creatures
  A bat (D:2)
  A jackal (D:2)
  2 goblin skeletons (D:3)
  A kobold (D:4)
  A kobold skeleton (D:3)
  A kobold zombie (D:3)
  An orc skeleton (D:3)
8 creatures vanquished.

Vanquished Creatures (others)
  5 toadstools (D:3)
5 creatures vanquished.

Grand Total: 13 creatures vanquished

Notes
Turn   | Place    | Note
-------+----------+-------------------------------------------
     0 | D:5      | drugrobin the Demigod Delver began the quest for the Orb.
     0 | D:5      | Reached XP level 1. HP: 18/18 MP: 3/3
   204 | D:2      | Identified the +0 hat of the Eight Xenops {rC+ Will+}
   229 | D:2      | Noticed Natasha
   251 | D:2      | Noticed a crimson imp
   256 | D:2      | Noticed a crimson imp
   266 | D:2      | Slain by a jackal

Illustrated notes

Levels and vault maps discovered:
D:2:      wander_river, layout_basic, serial_shops, shop_fountains,
          nicolae_shop_waterfront, shop_coins, uniq_natasha
D:3:      cheibrodos_fertilizer, layout_basic, nicolae_tso_besieged_by_evil,
          serial_shops, nicolae_diamond_shop, nicolae_shop_stone,
          nicolae_shop_window_shopping, nicolae_shop_trees,
          nicolae_shop_statue_plus, kennysheep_potato
D:4:      minmay_chambers_of_fours, layout_loops_ring,
          minmay_temple_entry_slanted, grunt_tough_drop
D:5:      layout_cave_pools, lemuel_coloured_pillars_altar, serial_shops, shop,
          nicolae_sextant, chequers_serial_rivers_small_a,
          corexii_item_surrounded_by_moat, grunt_decor_mini_mirrors,
          lightli_church_of_beogh, uniq_eustachio, uniq_duvessa

Skill      XL: |  1 |
---------------+----+-----
Short Blades   | 2 |  2.4
Fighting       | |  2.6
Dodging        | |  1.7
Stealth        | |  4.5

Action                   || total
-------------------------++-------
Melee: Dagger            ||    21
Evoke: Wand              ||     1
 Stab: Sleeping          ||     2
Armor: Leather armour    ||    19
Dodge: Dodged            ||    34

Table legend: (Time is in decaauts)
 A = Elapsed time spent in this place.
 B = Non-inter-level travel time spent in this place.
 C = Inter-level travel time spent in this place.
 D = Time resting spent in this place.
 E = Time spent auto-exploring this place.
 F = Levels seen in this place.
 G = Mean time per level.
                   A        B        C        D        E       F      G
               +--------+--------+--------+--------+--------+-----+--------+
         Total |    263 |    263 |      0 |     40 |     46 |   4 |   65.8 |
       Dungeon |    263 |    263 |      0 |     40 |     46 |   4 |   65.8 |
               +--------+--------+--------+--------+--------+-----+--------+

Top non-repeatable levels by time:
     D:3: 89 daAuts
     D:2: 80 daAuts
     D:5: 57 daAuts
     D:4: 35 daAuts
